 Dungeon Crawl Stone Soup version 0.31.0 (webtiles) character file.

Game seed: 18125641302845332663

18 monsoonserge the Ruffian (level 2, -1/21 HPs)
             Began as a Gnoll Shapeshifter on Jan 19, 2024.
             Splashed by a jelly's acid (2 damage)
             ... on level 2 of the Dungeon.
             The game lasted 00:03:02 (642 turns).

monsoonserge the Ruffian (Gnoll Shapeshifter)        Turns: 642, Time: 00:03:03

Health: -1/21      AC:  2    Str: 13    XL:     2   Next: 66%
Magic:  2/2        EV: 17    Int:  9    God:
Gold:   55         SH:  0    Dex: 11    Spells: 2/2 levels left

rFire   . .          .
                       - Unarmed
rCold   . . .        (shield currently unavailable)
rNeg    . . .        a - melded +0 animal skin
rPois   .            e - +1 helmet
rElec   .            (no cloak)
rCorr   .            (no gloves)
SInv    .            (no boots)
Will    .....        (no amulet)
Stlth   +            (no ring)
HPRegen 0.23/turn    (no ring)
MPRegen 0.08/turn

%: no passive effects
@: flux-form, glowing
A: glow, contaminating, reduced hp, fangs 1, strong nose, distributed training
a: Begin Untransformation


You were on level 2 of the Dungeon.
You were something dangerously unstable.
You visited 1 branch of the dungeon, and saw 2 of its levels.

You collected 55 gold pieces.

Inventory:

Armour
 a - a +0 animal skin (melded)
 e - a +1 helmet (worn)
 i - a +0 leather armour
Talismans
 c - a beast talisman
 d - a flux talisman (active)
Scrolls
 f - a scroll of enchant armour {unknown}
 j - a scroll of poison {unknown}
 k - a scroll of fear {unknown}
Potions
 b - a potion of lignification
 g - a potion of enlightenment {unknown}
 h - a potion of curing {unknown}
 l - a potion of might {unknown}


   Skills:
 + Level 2.5 Fighting
 + Level 0.5 Short Blades
 + Level 0.5 Long Blades
 + Level 0.5 Axes
 + Level 0.5 Maces & Flails
 + Level 0.5 Polearms
 + Level 0.5 Staves
 + Level 0.5 Ranged Weapons
 + Level 0.5 Throwing
 + Level 0.5 Armour
 + Level 4.5 Dodging
 + Level 0.5 Stealth
 + Level 0.5 Shields
 + Level 6.5 Unarmed Combat
 + Level 0.5 Spellcasting
 + Level 0.3 Conjurations
 + Level 0.3 Hexes
 + Level 0.3 Summonings
 + Level 0.3 Necromancy
 + Level 0.3 Translocations
 + Level 0.3 Fire Magic
 + Level 0.3 Ice Magic
 + Level 0.3 Air Magic
 + Level 0.3 Earth Magic
 + Level 0.3 Alchemy
 + Level 0.6 Invocations
 + Level 0.5 Evocations
 + Level 6.4 Shapeshifting


You had 2 spell levels left.
You didn't know any spells.
Your spell library contained the following spells:

 Spells                   Type           Power      Damage    Failure   Level
 Freeze                   Ice            0%         1d3       34%         1
 Ensorcelled Hibernation  Hex/Ice        0%         N/A       45%         2
 Frozen Ramparts          Ice            0%         1d1       71%         3
 Fugue of the Fallen      Necr           0%         N/A       71%         3
 Hailstorm                Conj/Ice       0%         3d5       71%         3
 Anguish                  Hex/Necr       0%         N/A       98%         4


Dungeon Overview and Level Annotations

Branches:
Dungeon (2/15)

Altars:


Innate Abilities, Weirdness & Mutations

You are something dangerously unstable.
You glow with magical radiation, making you easy to see and hit.
Foes you strike become dangerously contaminated with magical radiation.
Your maximum health is decreased, since you lack skill for your form.
You are incapable of wielding weapons or throwing items.
You have very sharp teeth.
Your uncanny sense of smell can sniff out nearby items.
Your experience applies equally to all skills.


Message History

i - a +0 leather armour
j - a scroll labelled FINIQA DIRPHOHO
Found 4 gold pieces.
You now have 28 gold pieces (gained 4).
Done exploring.
Done exploring.
There is an escape hatch in the floor here.
There is a stone staircase leading down here.
You climb downwards.
There is a stone staircase leading up here.
You open the door.
Found 27 gold pieces and a scroll labelled KIUHAY FACE.
There is an open door here.
Found a chain mail.
You now have 39 gold pieces (gained 11).
You now have 55 gold pieces (gained 16).
k - a scroll labelled KIUHAY FACE
There are no items here.
You open the door.
There is an open door here.
You open the door.
There is an open door here.
l - a cyan potion A jelly comes into view.
The jelly quivers.
You hit the jelly.
The jelly begins to glow.
Your hands burn!
The jelly is lightly wounded.
You hit the jelly.
The jelly glows dangerously bright.
Your hands burn!
The jelly is heavily wounded.
The jelly hits you.
You are splashed with acid!
* * * LOW HITPOINT WARNING * * *
You hit the jelly.
The jelly shudders as magic cascades through it.
The jelly twists and deforms.
Your hands burn!
* * * LOW HITPOINT WARNING * * *
The jelly is heavily wounded.
The jelly misses you.
Unknown command.
You hit the jelly.
The jelly begins to glow.
Your hands burn!
You die...

#.# #....#
# #.# #.#
#......#
#.# #.#
#.....##
#.# #.#
####.##
#.# #.#
.#######.#
#.#
##......##
#..
#.....##
#.....#
#....p#
#....J#
#.....#
#......
........
.......♣..
....... .#
....... .#


You could see a jelly (contam, misshapen).

Vanquished Creatures
  A dart slug (D:1)
  A ball python (D:1)
  A giant cockroach (D:1)
  A goblin (D:1)
  A hobgoblin (D:1)
  2 jackals (D:1)
  3 bats (D:1)
  A frilled lizard (D:1)
  3 kobolds (D:1)
  2 rats (D:1)
16 creatures vanquished.

Notes
Turn   | Place    | Note
-------+----------+-------------------------------------------
     0 | D:1      | monsoonserge the Gnoll Shapeshifter began the quest for the
                  | Orb.
     0 | D:1      | Reached XP level 1. HP: 17/17 MP: 1/1
    93 | D:1      | Reached XP level 2. HP: 21/23 MP: 2/2
   302 | D:1      | Found a faded altar of an unknown god.
   641 | D:2      | HP: 1/21 [acid (4)]
   642 | D:2      | Splashed by a jelly's acid

Illustrated notes

Levels and vault maps discovered:
D:1:      dpeg_arrival_long_road, layout_basic, ebering_ecumenical_altar_webs,
          serial_forest, infiniplex_forest_straight_2, infiniplex_forest_split,
          infiniplex_forest_lined_3, infiniplex_forest_lined_room_2,
          infiniplex_forest_clump_diagonal
D:2:      layout_basic, minmay_misc_feat_four_crosses, grunt_ministairs_4

Action                     || total
---------------------------++-------
  Melee: Unarmed           ||    42
         Bite              ||     3
 Armour: Skin              ||     8
  Dodge: Dodged            ||    36
   Form: Flux              ||     1
